 Dungeon Crawl Stone Soup version 0.21-a0-404-g291f19a (webtiles) character file.

2979 ohad the Cleaver (level 9, -9/63 HPs)
             Began as a Demonspawn Gladiator on Oct 28, 2017.
             Was a Priest of Makhleb.
             Mangled by a large abomination (29 damage)
             ... on level 2 of the Abyss.
             The game lasted 00:15:44 (7669 turns).

ohad the Cleaver (Demonspawn Gladiator)             Turns: 7669, Time: 00:15:45

Health: -9/63      AC: 12    Str: 17      XL:     9   Next: 53%
Magic:  9/9        EV: 11    Int:  9      God:    Makhleb [***...]
Gold:   381        SH:  0    Dex: 15 (16) Spells: 8/8 levels left

rFire    + . .     SeeInvis .   H - +0 battleaxe
rCold    . . .     Gourm    .   (shield currently unavailable)
rNeg     + . .     Faith    .   G - +0 chain mail
rPois    .         Spirit   .   y - +1 helmet
rElec    .         Reflect  .   (no cloak)
rCorr    .         Harm     .   (no gloves)
MR       .....                  (no boots)
Stlth    ..........             m - amulet of rage
HPRegen  0.20/turn              j - ring of positive energy
MPRegen  0.11/turn              (no ring)

@: about to teleport
A: hooves 2, repulsion field 1, fire resistance 1, powered by death 1
a: Minor Destruction, Lesser Servant of Makhleb, Renounce Religion, Evoke
Berserk Rage


You were on level 2 of the Abyss.
You worshipped Makhleb.
Makhleb was most pleased with you.
You were hungry.

You visited 2 branches of the dungeon, and saw 8 of its levels.
You visited the Abyss 1 time.
You also visited: Sewer.

You collected 381 gold pieces.

Inventory:

Hand Weapons
 a - a +0 war axe
 e - a +0 halberd
 p - a +0 morningstar
 t - a +0 flail
 v - a cursed -2 dagger
 H - a +0 battleaxe (weapon)
 I - a +2 long sword of holy wrath
 K - a cursed -1 hand crossbow
 Q - a +0 blowgun
Missiles
 d - 4 throwing nets (quivered)
 w - 30 bolts
 D - 5 curare-tipped needles
 U - 6 silver javelins
Armour
 b - a +0 leather armour
 h - a +0 ring mail
 q - a +0 scale mail
 r - a +0 plate armour
 y - a +1 helmet (worn)
 F - a +2 leather armour of poison resistance
 G - a +0 chain mail (worn)
Jewellery
 j - a ring of positive energy (left hand)
 m - an amulet of rage (around neck)
 s - an uncursed ring of resist corrosion {unknown}
 x - an uncursed ring of fire {unknown}
 C - an uncursed ring of stealth {unknown}
 P - a +5 ring of evasion {unknown}
Wands
 T - a wand of iceblast (5/15)
Scrolls
 c - 2 scrolls of recharging
 k - a scroll of teleportation
 u - a scroll of immolation {unknown}
 E - 2 scrolls of fog
 L - a scroll of magic mapping {unknown}
 M - 2 scrolls of enchant armour
 N - 2 scrolls of fear
 R - a scroll of remove curse
 S - a scroll of blinking {unknown}
 V - a scroll of identify
Potions
 g - 8 potions of curing
 l - a potion of ambrosia
 o - 3 potions of degeneration {unknown}
 z - 2 potions of brilliance
 A - 2 potions of invisibility
 B - 4 potions of heal wounds {unknown}
 J - a potion of agility
 W - a potion of lignification {unknown}
Comestibles
 f - 6 bread rations
 i - 4 royal jellies
 n - 4 meat rations
 O - a chunk of flesh


   Skills:
 - Level 3.0 Fighting
 + Level 10.8 Axes
 - Level 1.7 Throwing
 - Level 5.0 Armour
 - Level 3.5 Dodging


You had 8 spell levels left.
You didn't know any spells.

Dungeon Overview and Level Annotations

Branches:
Dungeon (7/15)             Temple (1/1) D:5

Altars:
Ashenzari
Cheibriados
Dithmenos
Elyvilon
Fedhas
Gozag
Hepliaklqana
Kikubaaqudgha
Makhleb
Nemelex Xobeh
Okawaru
Qazlal
Ru
Sif Muna
Trog
Uskayaw
Vehumet
Wu Jian
Xom
Yredelemnul
Zin
The Shining One


Innate Abilities, Weirdness & Mutations

You have hoof-like feet.
You are surrounded by a mild repulsion field. (EV +2)
Your flesh is heat resistant. (rF+)
You regenerate a little health from kills.


Message History

A large abomination materialises.
Found a scroll of fog and a scroll of identify.
You see here a scroll of fog.
E - 2 scrolls of fog (gained 1)
You see here a scroll of identify.
V - a scroll of identify The large abomination hits you but does no damage.
You are feeling hungry.
The large abomination hits you!!
* * * LOW HITPOINT WARNING * * *
Found an emerald potion.
As you read the scroll of teleportation, it crumbles to dust.
You feel strangely unstable.
You feel the power of the Abyss delaying your translocation!
The large abomination hits you but does no damage.
The large abomination barely misses you.
You see here an emerald potion.
W - an emerald potion The large abomination hits you!!
You die...

.## .## .. .§# # #..
#..# ## #.#.. ... #...
......##.##. .. .
....#.... .. ##§
#...#.## .##..
..###.@#..# .#.#
#.....X.###. ## .#
#..#.#....#.#.# #
#............##. .#..
#......##.......# # #.
.......#..#.#..## #.....
.....#.#..##§..##...##..
...#.###.. ##.....# .#
.### .#....#...# .# .


You could see a large abomination.

Vanquished Creatures
  The ghost of nikopol the Firebug, an amateur DEFE (D:4)
  Duvessa (D:5)
  2 sky beasts (D:6)
  A phantom (D:6)
  3 ogres
  5 big kobolds
  A bullfrog (D:6)
  A wyvern zombie (D:6)
  Dowan (D:5)
  4 wights (D:7)
  A howler monkey (D:4)
  3 crimson imps
  3 bullfrog zombies (D:6)
  A centaur zombie (D:7)
  6 hounds
  7 orc priests
  A bullfrog skeleton (D:6)
  4 orc wizards
  A gnoll shaman (D:5)
  5 worker ants
  A hound skeleton (D:7)
  2 worker ant zombies
  18 gnolls
  5 river rats (Sewer)
  8 adders
  2 shadow imps
  An ooze (D:5)
  An adder zombie (D:6)
  2 adder skeletons
  6 worms
  4 dart slugs
  A leopard gecko (D:3)
  18 orcs
  3 giant cockroaches
  7 goblins
  4 hobgoblins
  4 jackals (D:3)
  4 quokkas
  11 ball pythons
  3 bats
  5 frilled lizards
  A giant cockroach zombie (D:6)
  71 kobolds
  A leopard gecko skeleton (D:4)
  2 quokka zombies (D:6)
  29 rats
266 creatures vanquished.

Vanquished Creatures (others)
  An orc (D:5)
1 creature vanquished.

Grand Total: 267 creatures vanquished

Notes
Turn   | Place    | Note
-------+----------+-------------------------------------------
     0 | D:1      | ohad the Demonspawn Gladiator began the quest for the Orb.
     0 | D:1      | Reached XP level 1. HP: 16/16 MP: 1/1
   496 | D:1      | Gained mutation: You regenerate a little health from kills. [demonic ancestry]
   496 | D:1      | Reached XP level 2. HP: 22/22 MP: 2/2
   894 | D:1      | Gained mutation: You have large cloven feet. [demonic ancestry]
   894 | D:1      | Reached XP level 3. HP: 28/28 MP: 3/3
  1069 | D:2      | Reached skill level 1 in Armour
  1251 | D:2      | Reached XP level 4. HP: 33/35 MP: 4/4
  1484 | D:2      | Found a white marble altar of Elyvilon.
  1519 | D:2      | Reached skill level 3 in Axes
  1595 | D:2      | Noticed a moth of wrath
  1863 | D:2      | Found a bloodstained altar of Trog.
  2331 | D:3      | Gained mutation: You have hoof-like feet. [demonic ancestry]
  2331 | D:3      | Reached XP level 5. HP: 41/41 MP: 5/5
  2459 | D:3      | Reached skill level 4 in Axes
  2749 | D:4      | Noticed nikopol's ghost (amateur DEFE)
  2932 | D:4      | Reached skill level 5 in Axes
  2932 | D:4      | Reached XP level 6. HP: 40/47 MP: 6/6
  3561 | D:4      | Reached skill level 6 in Axes
  3577 | D:4      | Killed nikopol's ghost
  3577 | D:4      | Gained mutation: You are surrounded by a mild repulsion field. (EV +2) [demonic ancestry]
  3577 | D:4      | Reached XP level 7. HP: 46/52 MP: 7/7
  3981 | D:5      | Entered Level 5 of the Dungeon
  3999 | D:5      | Reached skill level 7 in Axes
  4047 | D:5      | Found a staircase to the Ecumenical Temple.
  4056 | Temple   | Entered the Ecumenical Temple
  4151 | Temple   | Became a worshipper of Makhleb the Destroyer
  4261 | D:5      | Found a glowing silver altar of Zin.
  4820 | D:5      | Reached * piety under Makhleb
  4863 | D:5      | Reached skill level 8 in Axes
  4863 | D:5      | Gained mutation: Your flesh is heat resistant. (rF+) [demonic ancestry]
  4863 | D:5      | Reached XP level 8. HP: 21/58 MP: 8/8
  5175 | D:5      | Noticed Duvessa
  5176 | D:5      | Noticed Dowan
  5188 | D:5      | Killed Duvessa
  5188 | D:5      | Reached skill level 9 in Axes
  5190 | D:5      | Killed Dowan
  5195 | D:5      | Reached ** piety under Makhleb
  6062 | D:6      | Reached skill level 10 in Axes
  6076 | D:6      | Found a glowing drain.
  6096 | Sewer    | Entered a sewer
  6284 | Sewer    | Reached *** piety under Makhleb
  6321 | Sewer    | Reached XP level 9. HP: 63/63 MP: 9/9
  6824 | D:6      | Found a bloodstained altar of Trog.
  7001 | D:6      | Reached skill level 5 in Armour
  7548 | D:7      | Noticed a wizard
  7548 | D:7      | Noticed a wizard
  7549 | D:7      | Noticed a wizard
  7565 | D:7      | Cast into level 2 of the Abyss (a wizard)
  7600 | Abyss:2  | Noticed a hellwing
  7603 | Abyss:2  | Noticed a large abomination
  7605 | Abyss:2  | Noticed a thrashing horror
  7617 | Abyss:2  | Noticed an ancient zyme
  7640 | Abyss:2  | Noticed a large abomination
  7669 | Abyss:2  | Mangled by a large abomination

Vault maps used:
D:1:      mrwooster_arrival_arrow
D:2:      elyvilon_altar_4, tgw_trog
D:4:      first_bread, kennysheep_generic_room_10
D:5:      minmay_goblin_kobold_castle, minmay_temple_entry_butterflies,
          basic_altar, uniq_duvessa
D:6:      cheibrodos_sewer_entry_drain, basic_altar, serial_undead,
          serial_undead_e, serial_undead_e, serial_undead_d, serial_undead_a
D:7:      cheibrodos_wizards_tower, uniq_crazy_yiuf_cottage
Temple:   kilobyte_greek_temple
Abyss:2:  hangedman_elemental_corridor
Sewer:    sewer_minmay_treatment

Skill      XL: |  1  2  3  4  5  6  7  8  9 |
---------------+----------------------------+-----
Dodging        | 3 |  3.5
Armour         | 1 5 |  5.0
Fighting       | 3 |  3.0
Axes           | 3 5 6 8 10 | 10.8
Throwing       | |  1.7

Action                   |  1- 3 |  4- 6 |  7- 9 || total
-------------------------+-------+-------+-------++-------
Melee: War axe           |    66 |   182 |   324 ||   572
       Kick              |     4 |    53 |   118 ||   175
       Battleaxe         |       |       |   103 ||   103
Throw: Throwing net      |       |     3 |     1 ||     4
  Use: Scroll            |     2 |     9 |     4 ||    15
       Potion            |       |       |     2 ||     2
  Eat: Chunk             |     1 |     8 |    13 ||    22
Armor: Ring mail         |    26 |       |       ||    26
       Scale mail        |       |    96 |    96 ||   192
       Chain mail        |       |       |   140 ||   140
Dodge: Dodged            |    59 |   126 |   393 ||   578

Table legend:
 A = Spawn XP
 B = Non-spawn XP
 C = Spawn XP percentage of total XP
 D = Spawn monster count
 E = Non-spawn monster count
 F = Spawn count percentage of total count
 G = Total turns spent on level
                    A         B        C        D         E        F      G
               +---------+---------+-------+---------+---------+-------+---------
         Total |       0 |    4256 |   0.0 |       0 |     266 |   0.0 |  7669
               +---------+---------+-------+---------+---------+-------+---------
           D:1 |       0 |      34 |   0.0 |       0 |      14 |   0.0 |   829
           D:2 |       0 |     113 |   0.0 |       0 |      26 |   0.0 |  1274
           D:3 |       0 |     120 |   0.0 |       0 |      33 |   0.0 |   880
           D:4 |       0 |     661 |   0.0 |       0 |      28 |   0.0 |  1221
           D:5 |       0 |    1294 |   0.0 |       0 |      73 |   0.0 |  1626
           D:6 |       0 |    1266 |   0.0 |       0 |      31 |   0.0 |   963
           D:7 |       0 |     438 |   0.0 |       0 |      13 |   0.0 |   213
         Sewer |       0 |     330 |   0.0 |       0 |      48 |   0.0 |   423
               +---------+---------+-------+---------+---------+-------+---------
